 Dungeon Crawl Stone Soup version 0.32-a0-933-ga8fa3634e4 (webtiles) character file.

Game seed: 13437316348313311235

5574 Heh the Carver (level 10, -1/80 HPs)
             Began as a Coglin Berserker on Apr 14, 2024.
             Was a High Priest of Trog.
             Slain by a vampire (6 damage)
             ... on level 9 of the Dungeon.
             The game lasted 00:18:22 (8350 turns).

Heh the Carver (Coglin Berserker)                   Turns: 8350, Time: 00:18:23

Health: -1/80      AC: 13    Str: 18    XL:     10   Next: 72%
Magic:  10/10      EV:  6    Int:  9    God:    Trog [*****.]
Gold:   240        SH:  0    Dex: 17    Spells: 9/9 levels left

rFire   . . .        u - +2 falchion (vamp) {Khalidah}
rCold   . . .        F - +1 double sword (freeze) {Fubuki}
rNeg    . . .        M - +0 plate armour "Laraptiu" {rElec rCorr Int+2}
rPois   +            (helmet restricted)
rElec   +            (no cloak)
rCorr   +            (no gloves)
SInv    .            m - +0 pair of boots
Will    ++...        (amulet unavailable) Stlth
                     (ring unavailable)
HPRegen 1.33/turn    (ring unavailable)
MPRegen 0.12/turn    (no gizmo)

%: no passive effects
@: strong-willed, regenerating, studying Long Blades, revved
A: off-hand wielding, slow wielding, warmup strikes, no jewellery, horns 1,
poison resistance
a: Invent Gizmo, Renounce Religion, Berserk, Trog's Hand, Brothers in Arms


You were on level 9 of the Dungeon.
You worshipped Trog.
Trog was extremely pleased with you.
You visited 1 branch of the dungeon, and saw 9 of its levels.
You also visited: Ossuary.

You collected 572 gold pieces.
You spent 332 gold pieces at shops.

Inventory:

Hand Weapons
 a - a +0 falchion {Wira}
 c - a +0 dagger {Kiyoto}
 h - a +0 falchion {Fuyuko}
 j - a +4 hand axe of electrocution {Esteban}
 n - a +3 falchion
 u - a +2 vampiric falchion (weapon) {Khalidah}
 A - a +2 dagger of draining
 E - a -1 quick blade {Kasem}
 F - a +1 double sword of freezing (offhand) {Fubuki}
Armour
 b - a +0 animal skin
 e - a +0 ring mail
 i - a +0 scale mail
 m - a +0 pair of boots (worn)
 M - the +0 plate armour "Laraptiu" (worn) {rElec rCorr Int+2}
   (You found it on level 8 of the Dungeon)

   Int+2:     It affects your intelligence (+2).
   rElec:     It insulates you from electricity.
   rCorr:     It protects you from acid and corrosion.
Wands
 z - a wand of charming (5)
 N - a wand of mindburst (5)
Scrolls
 d - 2 scrolls of torment {unknown}
 f - 5 scrolls of fog {unknown}
 l - 13 scrolls of noise
 q - a scroll of silence
 s - 2 scrolls of vulnerability
 v - a scroll of amnesia
 w - 2 scrolls of blinking
 y - 6 scrolls of poison
 B - 5 scrolls of teleportation {unknown}
 G - a scroll of revelation
 I - a scroll of enchant armour
Potions
 g - 2 potions of haste
 k - 7 potions of curing
 o - a potion of berserk rage
 r - 5 potions of might
 t - 5 potions of degeneration
 x - 2 potions of enlightenment {unknown}
 C - a potion of mutation
 D - a potion of ambrosia
 H - a potion of resistance
 J - 2 potions of cancellation {unknown}


   Skills:
 + Level 7.9 Fighting
 * Level 12.4 Long Blades
 - Level 2.2 Axes
 + Level 4.1 Armour
 + Level 5.6 Dodging


You had 9 spell levels left.
You didn't know any spells.
Your spell library was empty.

Dungeon Overview and Level Annotations

Branches:
Dungeon (9/15)             Temple (0/1) D:7             Orc (0/2) D:9
Ossuary (visited)
   Lair: D:8-11

Altars:
Dithmenos
Elyvilon
Gozag
Nemelex Xobeh
Okawaru
Sif Muna
Vehumet
Xom
Yredelemnul
Zin

Shops:
D:2 *   D:5 *   D:8 :


Innate Abilities, Weirdness & Mutations

You can wield a second weapon in your off-hand.
It takes a long time for you to wield or remove held weapons.
Your first few attacks do less damage.
You cannot equip rings or amulets.
You have a pair of small horns on your head.
Your system is resistant to poisons. (rPois)


Message History

The orc warrior is severely wounded.
You slash the orc warrior with your +2 vampiric falchion!
You feel better.
You kill the orc warrior!
Trog accepts your kill. Something hits you but does no damage.
Something bites you but does no damage.
You hit something with your +2 vampiric falchion.
You headbutt something.
You slash something with your +1 double sword of freezing!
You freeze something. Something hits you but does no damage.
Something bites you but does no damage.
You slash something with your +1 double sword of freezing!
You freeze something.
You miss something with your +2 vampiric falchion.
You miss something with your +2 vampiric falchion.
You completely miss something with your +1 double sword of freezing.
Something hits you. Something bites you.
Something draws strength from your injuries!
You closely miss something with your +1 double sword of freezing.
You hit something but do no damage. Something draws life force from you!
You hit something but do no damage.
You closely miss something with your +1 double sword of freezing.
Something draws life force from you!
* * * LOW HITPOINT WARNING * * *
You hit something but do no damage.
You closely miss something with your +1 double sword of freezing.
Okay, then.
You hit something but do no damage. Your headbutt misses something.
You hit something with your +2 vampiric falchion.
Something hits you.
* * * LOW HITPOINT WARNING * * *
Something bites you!
* * * LOW HITPOINT WARNING * * *
Something draws strength from your injuries!
Your skin crawls.
You feel strong-willed. Something hits you!
* * * LOW HITPOINT WARNING * * *
Something bites you.
You die...

#.......####.##...######### #
#####.....######### #
#..####...# ### # #.## #...'
#.#### #.# #.(.# #...#.
######.#####...# ###...
#....#.....##..# #..#
#...........#){### ##..
#...........#)@#.## ###.#
#..........[##.)..## #...#
#............#.#...# #.###
#............####'#########.#
#.............##......†..##.#
#...>#.........###.......'..#
#....#......... ####....#.##
######.######## ######.#
#..##############.##.#####


There were no monsters in sight!

Vanquished Creatures
  A boulder beetle (D:9)
  Pikel (D:9)
  A deep elf pyromancer (D:9)
  A troll (D:8)
  Grinder (D:5)
  A wyvern (D:8)
  A steam dragon (D:8)
  Menkaure (D:6)
  A water moccasin (D:9)
  An ice beast (D:7)
  An orc warrior (D:9)
  A sky beast (D:7)
  3 centaurs
  A phantom (D:5)
  A kobold brigand (D:8)
  3 bullfrogs
  A weeping skull (Ossuary)
  An elf zombie (Ossuary)
  A scorpion (D:6)
  A burial acolyte (Ossuary)
  10 wights
  6 killer bees (D:7)
  3 jellies (D:6)
  5 hounds
  A bombardier beetle (D:3)
  An orc priest (D:6)
  5 iguanas
  A sleepcap (D:7)
  An orc wizard (D:8)
  4 mummies (Ossuary)
  3 gnolls (D:6)
  7 adders
  3 white imps
  4 ufetubi
  4 dart slugs
  3 ribbon worms
  13 orcs
  2 bats (D:1)
  12 endoplasms
  3 giant cockroaches
  A gnoll zombie (Ossuary)
  6 goblins
  8 hobgoblins
  17 jackals
  3 quokkas
  10 ball pythons
  4 frilled lizards
  10 kobolds
  3 kobold zombies (Ossuary)
  3 orc zombies (Ossuary)
  7 rats
187 creatures vanquished.

Vanquished Creatures (collateral kills)
  A hydra (D:9)
  A centaur simulacrum (D:9)
2 creatures vanquished.

Grand Total: 189 creatures vanquished

Notes
Turn   | Place    | Note
-------+----------+-------------------------------------------
     0 | D:1      | Heh the Coglin Berserker began the quest for the Orb.
     0 | D:1      | Reached XP level 1. HP: 18/18 MP: 1/1
    84 | D:1      | Reached XP level 2. HP: 24/24 MP: 2/2
   386 | D:1      | Reached skill level 4 in Long Blades
   395 | D:1      | Reached XP level 3. HP: 11/29 MP: 3/3
   827 | D:1      | Reached ** piety under Trog
  1129 | D:2      | Found Reunego's General Store.
  1135 | D:2      | Reached XP level 4. HP: 35/35 MP: 4/4
  1139 | D:2      | Reached skill level 1 in Axes
  1180 | D:2      | Bought a potion of curing for 36 gold pieces
  1180 | D:2      | Bought a potion of curing for 36 gold pieces
  1461 | D:2      | Reached skill level 5 in Long Blades
  1852 | D:3      | Reached XP level 5. HP: 41/41 MP: 5/5
  2116 | D:3      | Reached *** piety under Trog
  2888 | D:4      | Found a sand-covered staircase.
  2893 | Ossuary  | Entered an ossuary
  2938 | Ossuary  | Gained mutation: Your system is resistant to poisons.
                  | (rPois) [potion of mutation]
  2938 | Ossuary  | Gained mutation: You have a pair of small horns on your
                  | head. [potion of mutation]
  2949 | Ossuary  | Reached XP level 6. HP: 29/47 MP: 6/6
  3042 | Ossuary  | Reached skill level 6 in Long Blades
  3717 | D:5      | Entered Level 5 of the Dungeon
  3717 | D:5      | Noticed Grinder
  3726 | D:5      | Reached skill level 7 in Long Blades
  3726 | D:5      | Reached XP level 7. HP: 18/52 MP: 7/7
  3728 | D:5      | Paralysed by Grinder for 2 turns
  3738 | D:5      | Killed Grinder
  3739 | D:5      | Reached skill level 8 in Long Blades
  4020 | D:5      | Found Qadgh's Lightly-Used Armoury.
  4028 | D:5      | Bought a -1 quick blade for 130 gold pieces
  4054 | D:5      | Reached **** piety under Trog
  4206 | D:5      | Bought a -1 double sword for 130 gold pieces
  4597 | D:6      | Reached XP level 8. HP: 27/58 MP: 8/8
  4692 | D:6      | Noticed Menkaure
  4699 | D:6      | Killed Menkaure
  4700 | D:6      | Reached skill level 9 in Long Blades
  5236 | D:6      | Found an iron altar of Okawaru.
  5604 | D:7      | Found a staircase to the Ecumenical Temple.
  5723 | D:7      | Reached skill level 5 in Fighting
  5753 | D:7      | Reached XP level 9. HP: 37/68 MP: 9/9
  5767 | D:7      | Reached skill level 10 in Long Blades
  6248 | D:7      | HP: 1/63 [wight/+4 halberd of freezing (3)]
  6741 | D:8      | Found Najel's Book Boutique.
  6881 | D:8      | Reached ***** piety under Trog
  7019 | D:8      | Identified the +0 plate armour "Laraptiu" {rElec rCorr
                  | Int+2}
  7248 | D:8      | Noticed a troll
  7262 | D:8      | Killed a troll
  7450 | D:8      | Reached skill level 11 in Long Blades
  7477 | D:8      | Found a radiant altar of Vehumet.
  7477 | D:8      | Found a shimmering blue altar of Sif Muna.
  7482 | D:8      | Found a shimmering altar of Xom.
  7483 | D:8      | Found a glowing silver altar of Zin.
  7485 | D:8      | Found a sparkling altar of Nemelex Xobeh.
  7485 | D:8      | Found an opulent altar of Gozag.
  7486 | D:8      | Found a basalt altar of Yredelemnul.
  7488 | D:8      | Found a shadowy altar of Dithmenos.
  7492 | D:8      | Found a white marble altar of Elyvilon.
  7547 | D:9      | Noticed Pikel
  7556 | D:9      | Killed Pikel
  7557 | D:9      | Reached XP level 10. HP: 66/79 MP: 10/10
  7622 | D:9      | Noticed a six-headed hydra
  7629 | D:9      | Killed a six-headed hydra
  7630 | D:9      | Reached skill level 5 in Dodging
  7990 | D:9      | Identified a scroll of acquirement
  8001 | D:9      | Acquired a manual of Long Blades
  8008 | D:9      | Found a staircase to the Orcish Mines.
  8153 | D:9      | Noticed a boulder beetle
  8170 | D:9      | Killed a boulder beetle
  8171 | D:9      | Reached skill level 12 in Long Blades
  8324 | D:9      | Noticed a deep elf pyromancer
  8328 | D:9      | Killed a deep elf pyromancer
  8350 | D:9      | Slain by a vampire

Illustrated notes

Levels and vault maps discovered:
D:1:      tarquinn_simple_flora_water_a, layout_basic, serial_aquarium,
          aquarium_bridge_straight [aquarium_subvault_bridge,
          aquarium_subvault_wall, aquarium_subvault_bridge,
          aquarium_subvault_window], aquarium_window_fake, aquarium_window_2,
          aquarium_window_fake, aquarium_window_1, aquarium_view_2e,
          aquarium_view_2d, aquarium_balcony_3a, aquarium_pool_four,
          hangedman_feature_mirror
D:2:      layout_loops_cross, serial_shops, shop, minmay_heptomino_w4
D:3:      layout_loops_ring, kennysheep_generic_room_12
D:4:      layout_basic, nicolae_ossuary_entry_plus
D:5:      layout_layer_cave, minmay_misc_feat_more_columns, grunt_ministairs_10,
          minmay_shop_damaged, uniq_grinder
D:6:      layout_gridville, mainiacjoe_overflow_catwalk, uniq_menkaure
D:7:      layout_loops_cross, minmay_temple_entry_mini_moons, grunt_ministairs_9
D:8:      layout_basic, nicolae_overflow_hallway_of_the_gods, serial_shops,
          nicolae_stop_n_shop_2
D:9:      minmay_sliced_demisemicircle, layout_rooms, orc_0_dummy, uniq_pikel

Skill      XL: |  1  2  3  4  5  6  7  8  9 10 |
---------------+-------------------------------+-----
Long Blades    | 4 5 7 8 9 11 12 | 12.4
Axes           | 1 2 |  2.2
Dodging        | 2 3 4 5 |  5.6
Fighting       | 5 7 |  7.9
Armour         | 3 4 |  4.1

Action                     |  1- 3 |  4- 6 |  7- 9 | 10-12 || total
---------------------------+-------+-------+-------+-------++-------
  Melee: Falchion          |    78 |   194 |   190 |    36 ||   498
         Dagger            |    41 |       |       |       ||    41
         Hand axe          |     5 |    49 |       |       ||    54
         Headbutt          |       |    11 |    47 |    10 ||    68
         Quick blade       |       |       |    33 |       ||    33
         Double sword      |       |       |   162 |    39 ||   201
 Invoke: Berserk           |       |       |     1 |       ||     1
         Trog's Hand       |       |       |       |     1 ||     1
         Brothers in Arms  |       |       |       |     1 ||     1
  Evoke: Wand              |       |     1 |     1 |     3 ||     5
    Use: Scroll            |       |     2 |    11 |     5 ||    18
         Potion            |       |     1 |     6 |       ||     7
 Armour: Animal skin       |     8 |       |       |       ||     8
         Ring mail         |    25 |    10 |       |       ||    35
         Scale mail        |       |    77 |   138 |       ||   215
         Plate armour      |       |       |    69 |    65 ||   134
  Dodge: Dodged            |    33 |    50 |   122 |    15 ||   220

Table legend: (Time is in decaauts)
 A = Elapsed time spent in this place.
 B = Non-inter-level travel time spent in this place.
 C = Inter-level travel time spent in this place.
 D = Time resting spent in this place.
 E = Time spent auto-exploring this place.
 F = Levels seen in this place.
 G = Mean time per level.
                   A        B        C        D        E       F      G
               +--------+--------+--------+--------+--------+-----+--------+
         Total |   8340 |   7992 |    348 |    282 |   6466 |  10 |  834.0 |
       Dungeon |   7956 |   7608 |    348 |    282 |   6194 |   9 |  884.0 |
       Ossuary |    383 |    383 |      0 |      0 |    272 |   1 |  383.0 |
               +--------+--------+--------+--------+--------+-----+--------+

Top non-repeatable levels by time:
     D:7: 1187 daAuts
     D:6: 1061 daAuts
     D:1: 1038 daAuts
     D:4: 860 daAuts
     D:9: 811 daAuts
     D:8: 791 daAuts
     D:5: 762 daAuts
     D:2: 756 daAuts
     D:3: 686 daAuts
 Ossuary: 383 daAuts
